 Dungeon Crawl Stone Soup version 0.27-a0-906-g0a00ce863d (webtiles) character file.

Game seed: 11339131169958958340

7 dolemite99 the Skirmisher (level 1, 0/18 HPs)
             Began as a Demonspawn Fighter on Apr 7, 2021.
             Slain by Jessica
             ... wielding a +0 club
              (4 damage)
             ... on level 2 of the Dungeon.
             The game lasted 00:00:59 (619 turns).

dolemite99 the Skirmisher (Demonspawn Fighter)       Turns: 619, Time: 00:01:00

Health: 0/18       AC:  6    Str: 16    XL:     1   Next: 83%
Magic:  10/10      EV:  9    Int:  9    God:
Gold:   69         SH:  0    Dex: 12    Spells: 0/0 levels left

rFire    . . .     SeeInvis .     - Unarmed
rCold    + . .     Faith    .   (no shield)
rNeg     . . .     Spirit   .   a - +0 scale mail
rPois    .         Reflect  .   (no helmet)
rElec    .         Harm     .   (no cloak)
rCorr    .         Rampage  .   (no gloves)
Will     .....                  (no boots)
Stlth    ..........             (no amulet)
HPRegen  0.06/turn              e - ring of protection from cold
MPRegen  0.12/turn              l - ring of magical power

@: no status effects
A: no striking features
a: no special abilities


You were on level 2 of the Dungeon.
You visited 1 branch of the dungeon, and saw 2 of its levels.

You collected 69 gold pieces.

Inventory:

Missiles
 f - 12 sling bullets
Armour
 a - a +0 scale mail (worn)
 b - a +0 kite shield
Magical Staves
 h - a staff of cold
Jewellery
 e - a ring of protection from cold (left hand)
 l - a ring of magical power (right hand)
Scrolls
 d - a scroll of identify {unknown}
 i - a scroll of blinking {unknown}
 j - a scroll of noise {unknown}
 m - a scroll of fog {unknown}
Potions
 c - 3 potions of might
 g - 3 potions of heal wounds {unknown}
 k - a potion of curing {unknown}


   Skills:
 - Level 3.0 Fighting
 - Level 2.6 Armour
 - Level 2.6 Shields
 + Level 2.4 Unarmed Combat


You couldn't memorise any spells.
You didn't know any spells.
Your spell library contained the following spells:

 Spells                   Type           Power      Damage    Failure   Level
 Gell's Gravitas          Tloc           0%         N/A       99%         3
 Portal Projectile        Hex/Tloc       0%         N/A       99%         3
 Passage of Golubria      Tloc           N/A        N/A       100%        4
 Manifold Assault         Tloc           0%         N/A       100%        5
 Dispersal                Tloc           0%         N/A       100%        6
 Disjunction              Tloc           0%         N/A       100%        8


Dungeon Overview and Level Annotations

Branches:
Dungeon (2/15)

Altars:

Annotations:
D:2 Jessica


Message History

You now have 69 gold pieces (gained 9).
Found a robe.
Done exploring.
(D) Dungeon
Where to? (? - help)
Okay, then.
Unknown command.
(D) Dungeon
Where to? (? - help)
What level of the Dungeon? (default 1, ? - help)
There is a stone staircase leading down here.
You climb downwards.
There is a stone staircase leading up here.
Found a stone staircase leading up.
Jessica the Apprentice Sorceress comes into view.
She is wielding a +0 club.
Jessica shouts!
There is a stone staircase leading up here.
You closely miss Jessica. Jessica hits you with a +0 club.
You closely miss Jessica.
Jessica casts a spell.
Jessica seems to speed up.
You barely miss Jessica. Jessica hits you with a +0 club.
You hit Jessica.
Jessica is moderately wounded.
Jessica hits you but does no damage. Jessica barely misses you.
You hit Jessica.
Jessica is severely wounded.
Jessica gestures at you while chanting. Pain shoots through your body!
You hit Jessica.
Jessica is almost dead.
Jessica barely misses you. Jessica hits you with a +0 club.
You closely miss Jessica.
Jessica is almost dead.
Jessica hits you with a +0 club.
* * * LOW HITPOINT WARNING * * *
You barely miss Jessica.
Jessica is almost dead.
Jessica barely misses you. Jessica hits you with a +0 club.
You die...

#.# #..
####.###.#
###
#...<....#
#.##.###.#
#.##.....#
#.######.###
#.# ...
#.######@#
#......@.#
##########


You could see Jessica (fast).

Vanquished Creatures
  A ball python (D:1)
  2 goblins (D:1)
  A bat (D:1)
  3 rats (D:1)
7 creatures vanquished.

Notes
Turn   | Place    | Note
-------+----------+-------------------------------------------
     0 | D:1      | dolemite99 the Demonspawn Fighter began the quest for the
                  | Orb.
     0 | D:1      | Reached XP level 1. HP: 18/18 MP: 1/1
    74 | D:1      | You fall into a shaft and drop 1 floor!
   611 | D:2      | Noticed Jessica
   619 | D:2      | Slain by Jessica

Illustrated notes

Levels and vault maps discovered:
D:1:      evilmike_arrival_home_sweet_home, layout_rooms
D:2:      layout_loops_corners, serial_shops, shop, uniq_jessica

Skill      XL: |  1 |
---------------+----+-----
Unarmed Combat | 2 |  2.4
Fighting       | |  3.0
Armour         | |  2.6
Shields        | |  2.6

Action                   || total
-------------------------++-------
Melee: Unarmed           ||    28
Armor: Scale mail        ||    17
Dodge: Dodged            ||    10

Table legend: (Time is in decaauts)
 A = Elapsed time spent in this place.
 B = Non-inter-level travel time spent in this place.
 C = Inter-level travel time spent in this place.
 D = Time resting spent in this place.
 E = Time spent auto-exploring this place.
 F = Levels seen in this place.
 G = Mean time per level.
                   A        B        C        D        E       F      G
               +--------+--------+--------+--------+--------+-----+--------+
         Total |    618 |    603 |     15 |      0 |    439 |   2 |  309.0 |
       Dungeon |    618 |    603 |     15 |      0 |    439 |   2 |  309.0 |
               +--------+--------+--------+--------+--------+-----+--------+

Top non-repeatable levels by time:
     D:1: 582 daAuts
     D:2: 36 daAuts
